Map: Éphémèrion EC

Players

defer

  • Race: Protoss Protoss
  • League: Silver
  • Spawn Location: 5:00

IA (très facile) - Winner!

  • Race: Protoss Protoss
  • Spawn Location: 11:00

VOD

Have the link to the VOD?

Description

Time

  • Played on: Jan. 18, 2020, 7:08 a.m.
  • Length: 4:08
Show
View Real Time Build Order
Export as new Build Order

defer Protoss 

Build Orders: 1 Gate Expand 

Get SALT Encoding   

  12  0:00  Probe  
  13  0:13  Probe  
  14  0:17  Pylon  
  14  0:25  Probe (Chrono Boost)  
  15  0:37  Probe (Chrono Boost)  
  15  0:38  Gateway  
  16  0:46  Probe (Chrono Boost)  
  16  0:47  Assimilator  
  17  0:51  Probe  
  18  1:03  Probe  
  20  1:21  Nexus  
  19  1:31  Cybernetics Core  
  19  1:34  Probe  
  19  1:39  Assimilator  
  20  1:46  Probe  
  21  1:49  Pylon  
  21  1:58  Probe (Chrono Boost)  
  22  2:10  Probe (Chrono Boost)  
  23  2:17  Warp Gate  
  23  2:18  Probe (Chrono Boost)  
  24  2:24  Probe (Chrono Boost)  
  24  2:26  Pylon  
  25  2:36  Probe (Chrono Boost)  
  27  2:38  Probe (Chrono Boost)  
  28  2:44  Probe (Chrono Boost)  
  28  2:47  Probe (Chrono Boost)  
  28  2:51  Probe  
  29  2:57  Probe  
  31  3:05  Probe (Chrono Boost)  
  32  3:09  Probe (Chrono Boost)  
  33  3:19  Probe (Chrono Boost)  
  35  3:20  Probe (Chrono Boost)  
  35  3:24  Probe (Chrono Boost)  
  36  3:27  Probe (Chrono Boost)  
  36  3:28  Pylon  
  37  3:39  Probe (Chrono Boost)  
  39  3:41  Probe (Chrono Boost)  
  39  3:44  Pylon  
  39  3:46  Probe (Chrono Boost)  
  41  3:49  Probe (Chrono Boost)  
  41  3:53  Probe  
Show
View Real Time Build Order
Export as new Build Order

IA (très facile) Protoss - Winner!

Build Orders:  

Get SALT Encoding   

  12  0:00  Probe  
  13  0:13  Probe  
  14  0:20  Pylon  
  14  0:37  Assimilator  
  14  0:42  Gateway  
  14  0:46  Pylon  
  14  1:15  Assimilator  
  14  1:22  Zealot  
  14  1:24  Probe  
  14  1:32  Probe, Cybernetics Core  
  18  1:42  Probe  
  19  1:54  Probe  
  19  1:58  Warp Gate  
  20  2:02  Probe  
  21  2:10  Probe  
  22  2:44  Stalker  
Tags
 
League
Silver
Matchup
PvP
Spawn Locations
Cross Positions
Add a new tag
Caveats
  • Supply blocks, unpowered buildings, or Contaminate may cause inaccurate times.
  • Supply counts are checked every 10 seconds.